 Dungeon Crawl Stone Soup version 0.26.1-11-gd32895ea62 (webtiles) character file.

Game seed: 12116973081644693473

16211 Zeld the Severer (level 12, -28/96 HPs)
             Began as a Deep Dwarf Fighter on June 1, 2021.
             Was a Priest of Makhleb.
             Killed from afar by a tengu reaver (64 damage)
             ... with a bolt of magma
             ... on level 12 of the Dungeon.
             The game lasted 00:21:15 (13041 turns).

Zeld the Severer (Deep Dwarf Fighter)              Turns: 13041, Time: 00:21:15

Health: -28/96     AC: 14    Str: 25    XL:     12   Next: 8%
Magic:  0/11       EV:  4    Int:  9    God:    Makhleb [***...]
Gold:   643        SH: 10    Dex: 12    Spells: 11/11 levels left

rFire    . . .     SeeInvis .   a - +6 war axe (venom)
rCold    . . .     Faith    .   c - +0 kite shield
rNeg     . . .     Spirit   +   I - +0 plate armour
rPois    +         Reflect  .   h - +0 helmet
rElec    .         Harm     .   p - scarf {+Inv}
rCorr    +         Rampage  .   m - +0 pair of gloves
Will     +....                  L - +0 pair of boots
Stlth    ..........             j - amulet of guardian spirit
HPRegen  0.00/turn              g - ring of poison resistance
MPRegen  0.12/turn              f - ring of resist corrosion

@: non-regenerating
A: damage resistance, heal wounds, sense surroundings 2, no regeneration
a: Heal Wounds, Renounce Religion, Evoke Invisibility, Minor Destruction, Lesser
Servant of Makhleb


You were on level 12 of the Dungeon.
You worshipped Makhleb.
Makhleb was most pleased with you.
You visited 2 branches of the dungeon, and saw 13 of its levels.
You also visited: Sewer and Ossuary.

You collected 930 gold pieces.
You spent 287 gold pieces at shops.

Inventory:

Hand Weapons
 a - a +6 war axe of venom (weapon)
Missiles
 k - 99 poisoned darts (quivered)
 q - 17 javelins
 r - 7 silver boomerangs
 w - a throwing net
 F - 25 boomerangs
Armour
 c - a +0 kite shield (worn)
 h - a +0 helmet (worn)
 m - a +0 pair of gloves (worn)
 p - a scarf of invisibility (worn)
 I - a +0 plate armour (worn)
 L - a +0 pair of boots (worn)
Jewellery
 f - a ring of resist corrosion (right hand)
 g - a ring of poison resistance (left hand)
 j - an amulet of guardian spirit (around neck)
Wands
 C - a wand of random effects (46)
 H - a wand of iceblast (10)
Scrolls
 s - 2 scrolls of magic mapping
 y - 4 scrolls of teleportation
 z - 3 scrolls of fear
 A - 13 scrolls of remove curse
 D - 4 scrolls of blinking
 J - 2 scrolls of amnesia
 Q - 2 scrolls of enchant armour
Potions
 b - 2 potions of flight
 d - a potion of might
 e - 4 potions of haste {unknown}
 i - 2 potions of brilliance {unknown}
 l - 4 potions of heal wounds {unknown}
 n - 12 potions of curing {unknown}
 o - a potion of mutation {unknown}
 t - 3 potions of degeneration {unknown}
 u - a potion of cancellation {unknown}
 v - 2 potions of lignification {unknown}
 x - 4 potions of magic {unknown}
 B - 2 potions of berserk rage
 E - 2 potions of attraction {unknown}
 K - 2 potions of resistance {unknown}
Miscellaneous
 G - a condenser vane


   Skills:
 - Level 2.6 Fighting
 - Level 16.0 Axes
 * Level 8.5 Throwing
 - Level 3.2 Armour
 - Level 3.2 Shields
 * Level 10.8 Invocations


You had 11 spell levels left.
You didn't know any spells.
Your spell library contained the following spells:

 Spells                   Type           Power        Failure   Level
 Beastly Appendage        Tmut           0%           100%        1
 Corona                   Hex            0%           100%        1
 Shock                    Conj/Air       0%           100%        1
 Ensorcelled Hibernation  Hex/Ice        0%           100%        2
 Swiftness                Air            0%           100%        2
 Wereblood                Tmut           0%           100%        2
 Confusing Touch          Hex            0%           100%        3
 Dazzling Flash           Conj/Hex       0%           100%        3
 Spider Form              Tmut/Pois      0%           100%        3
 Static Discharge         Conj/Air       0%           100%        3
 Tukima's Dance           Hex            0%           100%        3
 Airstrike                Air            0%           100%        4
 Ice Form                 Ice/Tmut       0%           100%        4
 Blade Hands              Tmut           0%           100%        5
 Bolt of Magma            Conj/Fire/Erth 0%           100%        5
 Iskenderun's Battlesphe  Conj           0%           100%        5
 Lightning Bolt           Conj/Air       0%           100%        5
 Iron Shot                Conj/Erth      0%           100%        6
 Orb of Destruction       Conj           0%           100%        7
 Spellforged Servitor     Conj/Summ      0%           100%        7


Dungeon Overview and Level Annotations

Branches:
Dungeon (12/15)            Temple (1/1) D:6            Lair (0/6) D:10
    Orc (0/2) D:9           Sewer (visited)         Ossuary (visited)

Altars:
Ashenzari
Cheibriados
Dithmenos
Elyvilon
Fedhas
Gozag
Hepliaklqana
Kikubaaqudgha
Makhleb
Nemelex Xobeh
Okawaru
Qazlal
Ru
Sif Muna
Trog
Uskayaw
Vehumet
Wu Jian
Xom
Yredelemnul
Zin
The Shining One

Shops:
D:6 [!**

Annotations:
D:10 3 runed translucent doors, lake5's ghost, novice GrEE


Innate Abilities, Weirdness & Mutations

You are resistant to damage.
You can heal yourself by infusing magical energy.
You passively map the area around you.
You do not regenerate.


Message History

The tengu reaver is heavily wounded.
You closely miss the tengu reaver.
The tengu reaver is heavily wounded.
The tengu reaver points at you and mumbles some strange words.
The bolt of magma hits you!!
You miss the tengu reaver.
The tengu reaver is heavily wounded.
You block the tengu reaver's attack. x3
You are too injured to fight recklessly!
You hit the tengu reaver but do no damage.
The tengu reaver looks as sick as possible!
The tengu reaver is heavily wounded.
You are too injured to fight recklessly!
You are too injured to fight recklessly!
Your plate armour prevents you from hitting the tengu reaver.
The tengu reaver is heavily wounded.
The tengu reaver casts a spell at you. The bolt of magma hits you!!!
Ouch! That really hurt!
You die...

* * * , ,* ########+#.
##+##########..........
###.......##..'..........
,
..........#..##..........
*
8..8#.....#.###..........
, ....##Q..Q'.#
#.Q........,
.....##...### #.@.>......
* $$Q$# #...# #..........
* #######...# #..........
*, .....⌠#...#
#.......... * _.._..#.###
########### .....⌠#..##
.....(#...# ######'...#
** ......(...# * * , ,,


You could see a tengu reaver (extremely poisoned).

Vanquished Creatures
  3 unseen horrors
  2 cyclopes
  Psyche (D:9)
  2 kobold demonologists (D:11)
  A troll (D:9)
  A jumping spider (shapeshifter) (D:12)
  A merfolk (D:10)
  2 wyverns
  16 yaks
  The ghost of Fractals the Sneak, an amateur DsBr of Xom (D:3)
  The ghost of roke1 the Digger, an amateur OpEE (D:3)
  6 water moccasins
  A sky beast (D:12)
  2 black bears
  2 ice beasts
  15 orc warriors
  2 phantoms
  A necrophage (D:9)
  11 ogres
  8 centaurs
  An elf zombie (Ossuary)
  6 bullfrogs
  5 big kobolds
  A wyvern zombie (D:9)
  2 wyvern skeletons
  2 scorpions
  9 killer bees
  4 wights
  A howler monkey (D:4)
  A crimson imp (D:9)
  3 centaur zombies
  2 quasits
  3 centaur skeletons
  6 hounds
  6 jellies
  9 orc wizards
  3 human zombies (Ossuary)
  11 orc priests
  4 bullfrog skeletons
  3 iguanas
  10 worker ants
  2 big kobold zombies (Ossuary)
  2 hound zombies
  A hound skeleton (D:6)
  2 mummies (Ossuary)
  A worker ant zombie (D:11)
  Robin (D:2)
  12 gnolls
  10 adders
  7 shadow imps
  A white imp (D:6)
  5 ufetubi
  2 adder zombies
  2 adder skeletons
  7 worms
  3 dart slugs
  5 leopard geckos
  101 orcs
  6 bats
  3 giant cockroaches
  13 goblins
  17 hobgoblins
  14 jackals
  35 kobolds
  5 quokkas
  6 ball pythons
  5 frilled lizards
  3 hobgoblin zombies (Ossuary)
  A jackal zombie (Ossuary)
  10 kobold zombies (Ossuary)
  12 orc zombies (Ossuary)
  A quokka zombie (D:5)
  7 rats
  4 rat zombies (Ossuary)
  A spectral orc (D:6)
478 creatures vanquished.

Vanquished Creatures (collateral kills)
  2 hydras (D:11)
  An ugly thing (D:11)
  A soldier ant (D:11)
  A bullfrog (D:11)
  An iguana (D:11)
6 creatures vanquished.

Vanquished Creatures (others)
  32 fungi (D:10)
  54 plants
  5 withered plants (D:3)
91 creatures vanquished.

Grand Total: 575 creatures vanquished

Notes
Turn   | Place    | Note
-------+----------+-------------------------------------------
     0 | D:1      | Zeld the Deep Dwarf Fighter began the quest for the Orb.
     0 | D:1      | Reached XP level 1. HP: 20/20 MP: 1/1
    56 | D:2      | Reached skill level 3 in Axes
    56 | D:2      | Reached XP level 2. HP: 24/27 MP: 2/2
    66 | D:2      | Reached skill level 4 in Axes
    66 | D:2      | Reached XP level 3. HP: 29/33 MP: 2/2
   121 | D:2      | Noticed Robin
   137 | D:2      | Killed Robin
   158 | D:2      | Reached XP level 4. HP: 27/40 MP: 3/3
   326 | D:2      | Reached skill level 5 in Axes
   358 | D:2      | Found an ancient bone altar of Kikubaaqudgha.
   698 | D:4      | Noticed an ogre
   706 | D:4      | Killed an ogre
   707 | D:4      | Reached skill level 6 in Axes
   707 | D:4      | Reached XP level 5. HP: 36/46 MP: 3/3
   753 | D:4      | Found a sand-covered staircase.
   782 | D:4      | Reached skill level 7 in Axes
   784 | D:4      | Reached XP level 6. HP: 46/55 MP: 4/4
   821 | Ossuary  | Entered an ossuary
   952 | Ossuary  | Reached skill level 8 in Axes
   981 | Ossuary  | Reached XP level 7. HP: 59/61 MP: 5/5
  1132 | D:4      | Reached skill level 9 in Axes
  1298 | D:4      | Found a glowing drain.
  1307 | Sewer    | Entered a sewer
  2458 | D:5      | Entered Level 5 of the Dungeon
  2502 | D:5      | Reached skill level 10 in Axes
  2579 | D:5      | Found a blossoming altar of Fedhas.
  2824 | D:5      | Reached XP level 8. HP: 48/68 MP: 6/6
  2853 | D:5      | Found an opulent altar of Gozag.
  2854 | D:5      | Found an iron altar of Okawaru.
  2854 | D:5      | Found a hazy altar of Hepliaklqana.
  3626 | D:6      | Found a staircase to the Ecumenical Temple.
  3634 | D:6      | Reached skill level 11 in Axes
  3640 | Temple   | Entered the Ecumenical Temple
  4703 | D:2      | Found a bloodstained altar of Trog.
  5225 | D:3      | Found a runed translucent gate.
  5226 | D:3      | Found a runed translucent gate.
  5226 | D:3      | Found a runed translucent gate.
  5227 | D:3      | Noticed roke1's ghost (amateur OpEE)
  5227 | D:3      | Noticed Fractals's ghost (amateur DsBr)
  5598 | D:3      | Killed Fractals's ghost
  5601 | D:3      | Killed roke1's ghost
  5739 | D:6      | Reached skill level 12 in Axes
  5837 | D:6      | Gained mutation: You passively map the area around you.
                  | [Deep Dwarf growth]
  5837 | D:6      | Reached XP level 9. HP: 50/74 MP: 6/6
  5854 | D:6      | Reached skill level 13 in Axes
  5859 | D:6      | Found a radiant altar of Vehumet.
  6026 | D:6      | Found Defaocleu's Antique Armour Shoppe.
  6186 | D:6      | Found a glowing golden altar of the Shining One.
  6209 | D:6      | Found Zerun's General Store.
  6226 | D:6      | Bought 18 poisoned darts for 93 gold pieces
  6226 | D:6      | Bought a scroll of enchant weapon for 97 gold pieces
  6226 | D:6      | Bought a scroll of blinking for 97 gold pieces
  6242 | D:6      | Found Qotifaju's General Store.
  6425 | D:6      | Found a basalt altar of Yredelemnul.
  6506 | D:6      | Found Omuafiff's Distillery.
  6606 | D:6      | Got an ancient scale mail
  6617 | D:6      | Identified the cursed +1 scale mail of Duty {Int+5 Slay+3}
                  | (You found it on level 6 of the Dungeon)
  6971 | D:7      | Reached skill level 14 in Axes
  7099 | D:7      | Found a stormy altar of Qazlal.
  7102 | D:7      | Found a radiant altar of Vehumet.
  7103 | D:7      | Found a sparkling altar of Nemelex Xobeh.
  7510 | D:7      | Found a shimmering altar of Xom.
  7953 | D:8      | Reached skill level 15 in Axes
  7953 | D:8      | Reached XP level 10. HP: 44/81 MP: 0/3
  8094 | D:8      | Got a glittering glass ring
  8112 | D:8      | Identified the ring of Jiqenoh {rC+ AC+4 Int+4} (You found
                  | it on level 8 of the Dungeon)
  8309 | D:9      | Found a staircase to the Orcish Mines.
  8918 | D:9      | Reached skill level 16 in Axes
  8924 | D:9      | Reached skill level 1 in Throwing
  9062 | D:9      | Found a burning altar of Makhleb.
  9070 | D:9      | Became a worshipper of Makhleb the Destroyer
  9267 | D:10     | Entered Level 10 of the Dungeon
  9275 | D:10     | Reached skill level 1 in Invocations
  9334 | D:10     | Reached * piety under Makhleb
  9405 | D:10     | Noticed Psyche
  9434 | D:9      | Killed Psyche
  9886 | D:10     | Reached skill level 5 in Throwing
  9886 | D:10     | Reached skill level 5 in Invocations
  9886 | D:10     | Reached XP level 11. HP: 72/88 MP: 0/6
  9890 | D:10     | Killed an unseen horror
 10260 | D:10     | Found a staircase to the Lair.
 10339 | D:10     | Killed an unseen horror
 10390 | D:10     | Reached ** piety under Makhleb
 10451 | D:10     | Found a runed translucent gate.
 10452 | D:10     | Found a runed translucent gate.
 10452 | D:10     | Found a runed translucent gate.
 10454 | D:10     | Noticed lake5's ghost (novice GrEE)
 10847 | D:11     | Reached *** piety under Makhleb
 10931 | D:11     | Killed an unseen horror
 11252 | D:11     | Noticed an eight-headed hydra
 11258 | D:11     | Killed an eight-headed hydra
 11259 | D:11     | Reached skill level 10 in Invocations
 11294 | D:11     | Noticed a brown ugly thing
 11300 | D:11     | Killed a brown ugly thing
 12040 | D:11     | Noticed an eight-headed hydra
 12098 | D:11     | Killed an eight-headed hydra
 12099 | D:11     | Reached XP level 12. HP: 10/96 MP: 0/11
 12673 | D:12     | Found a shimmering blue altar of Sif Muna.
 12674 | D:12     | Found a sparkling altar of Nemelex Xobeh.
 12674 | D:12     | Noticed a tengu reaver
 12681 | D:12     | Noticed a tengu reaver
 13041 | D:12     | Killed from afar by a tengu reaver

Illustrated notes

Levels and vault maps discovered:
D:1:      erik_arrival_triangle_large, layout_rooms
D:2:      layout_basic, kiku_gazebo_pond_becter, trog_hazing_becter, uniq_robin
D:3:      layout_loops_ring, gammafunk_ghost_cemetery
D:4:      layout_loops_cross, nicolae_ossuary_entry_false_entrances,
          cheibrodos_sewer_entry_bend, corexii_leaking_fountain
D:5:      layout_basic, marbit_many_paths, grunt_temple_overflow_open
D:6:      layout_gridville, old_standard_altar,
          yredelemnul_forgotten_temple_becter, minmay_temple_entry_antechambers,
          serial_shops, shop, shop_statue, shop_statue,
          nicolae_shop_window_shopping, basic_altar, minmay_diced_spiral
D:7:      layout_basic, xom_teletrap_fun, gammafunk_temple_overflow_forgotten
D:8:      layout_gridville
D:9:      layout_loops_corners, makhleb_grotto_becter, david_orc_2
D:10:     layout_roguey [special_room_orc], due_lair_maze_entry_diamond,
          gammafunk_ghost_spectres, special_room [special_room_orc],
          hangedman_fish_farm, uniq_psyche
D:11:     layout_layer_cave
D:12:     layout_roguey, hangedman_feature_mirror, minmay_tree_intersection,
          jmf_multi_god_temple
Temple:   jpeg_temple_alley_garden

Skill      XL: |  1  2  3  4  5  6  7  8  9 10 11 |
---------------+----------------------------------+-----
Axes           | 3 4 6 7 8 10 12 15 16 | 16.0
Throwing       | 5 8 |  8.5
Invocations    | 5 10 | 10.8
Fighting       | |  2.6
Armour         | |  3.2
Shields        | |  3.2

Action                   |  1- 3 |  4- 6 |  7- 9 | 10-12 || total
-------------------------+-------+-------+-------+-------++-------
Melee: War axe           |    50 |   192 |   611 |   515 ||  1368
Invok: Lesser Servant of |       |       |       |     8 ||     8
 Abil: Heal Wounds       |     2 |     4 |    13 |    24 ||    43
Evoke: Wand              |       |       |       |     3 ||     3
  Use: Scroll            |       |       |    17 |     4 ||    21
Armor: Scale mail        |    18 |   103 |   104 |       ||   225
       Plate armour      |       |       |   176 |   281 ||   457
Dodge: Dodged            |    21 |    54 |   121 |    72 ||   268
Block: Kite shield       |    17 |    94 |   318 |   220 ||   649
